 Dungeon Crawl Stone Soup version 0.31-a0-185-g9dded2c639 (webtiles) character file.

Game seed: 10474650054314194322

56 qw the Shooter (level 3, 0/20 HPs)
             Began as a Deep Elf Hunter on June 22, 2023.
             Slain by a goblin
             ... wielding a +0 dagger
              (3 damage)
             ... on level 2 of the Dungeon.
             The game lasted 00:00:17 (649 turns).

qw the Shooter (Deep Elf Hunter)                     Turns: 649, Time: 00:00:18

Health: 0/20       AC:  7    Str: 10    XL:     3   Next: 71%
Magic:  5/5        EV:  9    Int: 13    God:
Gold:   36         SH:  0    Dex: 18    Spells: 2/2 levels left

rFire   . . .        Y - +0 shortbow
rCold   . . .        (shield currently unavailable)
rNeg    . . .        f - +0 scale mail
rPois   .            (no helmet)
rElec   .            (no cloak)
rCorr   .            (no gloves)
SInv    .            g - +0 pair of boots
Will    .....        (no amulet)
Stlth   +            (no ring)
HPRegen 0.23/turn    (no ring)
MPRegen 0.09/turn

%: no passive effects
@: no status effects
A: no striking features
a: no special abilities


You were on level 2 of the Dungeon.
You visited 1 branch of the dungeon, and saw 2 of its levels.

You collected 36 gold pieces.


   Skills:
 - Level 1.5 Fighting
 + Level 7.2 Ranged Weapons
 - Level 2.4 Dodging
 - Level 1.2 Stealth


You had 2 spell levels left.
You didn't know any spells.
Your spell library was empty.

Inventory:

Hand Weapons
 Y - a +0 shortbow (weapon)
Armour
 f - a +0 scale mail (worn)
 g - a +0 pair of boots (worn)
Potions
 d - a potion of resistance {unknown}

Dungeon Overview and Level Annotations

Branches:
Dungeon (2/15)

Altars:


Message History

The adder bites you but does no damage. x2
The goblin hits you with a +0 dagger.
You shoot an arrow. The arrow hits the adder!
You kill the adder!
The adder bites you but does no damage.
A dart slug comes into view.
The goblin barely misses you. The adder barely misses you.
You shoot an arrow.
The arrow hits the adder but does no damage.
The adder completely misses you. The goblin hits you with a +0 dagger.
The adder bites you.
You are poisoned.
The adder poisons you!
You shoot an arrow. The arrow closely misses the adder.
You feel sick. The goblin hits you but does no damage.
The adder closely misses you. The goblin hits you but does no damage.
You shoot an arrow. The arrow hits the adder.
The adder is moderately wounded.
You feel sick. The adder bites you but does no damage.
The adder closely misses you. The goblin closely misses you.
You shoot an arrow. The arrow misses the adder.
You feel sick. The adder bites you but does no damage.
The goblin hits you with a +0 dagger. The adder closely misses you.
You shoot an arrow. The arrow closely misses the adder.
You feel sick. The goblin misses you. The adder barely misses you.
The goblin barely misses you. The adder bites you but does no damage.
You shoot an arrow.
The arrow hits the adder but does no damage.
The adder is moderately wounded.
You feel sick.
You are no longer poisoned.
The adder bites you but does no damage. The goblin hits you but does no damage.
The adder bites you but does no damage.
You shoot an arrow. The arrow barely misses the adder.
The goblin hits you but does no damage. The adder bites you but does no damage.
The dart slug misses you. The goblin hits you but does no damage.
The adder bites you but does no damage.
You shoot an arrow. The arrow closely misses the adder.
The adder completely misses you. The goblin hits you with a +0 dagger.
You die...

...........
#.#.#.#.#.#.
............
###.#.#.#.#.#.
#.............
#.#.#.#.#.#.#
#.%........#
##<...gS...#
#....@w...#
#..........#
............=#
.###....(.......
. #.#..........
#.#..).......
#.#.........>
.........=.


You could see an adder, a dart slug and a goblin.

Vanquished Creatures
  2 adders (D:2)
  2 dart slugs (D:1)
  3 ball pythons (D:1)
  A bat (D:1)
  5 endoplasms
  2 giant cockroaches
  4 goblins (D:1)
  2 hobgoblins (D:1)
  3 quokkas
  A frilled lizard (D:1)
  2 kobolds
  4 rats (D:1)
31 creatures vanquished.

Notes
Turn   | Place    | Note
-------+----------+-------------------------------------------
     0 | D:1      | qw the Deep Elf Hunter began the quest for the Orb.
     0 | D:1      | Reached XP level 1. HP: 12/12 MP: 3/3
     0 | D:1      | 0 ||| qw: Version: 0.3-a-9-g12657ce
     0 | D:1      | 0 ||| qw: Game counter: 1808
     0 | D:1      | 0 ||| qw: Always use a shield: true
     0 | D:1      | 0 ||| qw: God list: Okawaru
     0 | D:1      | 0 ||| qw: Allow faded altars: false
     0 | D:1      | 0 ||| qw: Do Orc after D:15 true
     0 | D:1      | 0 ||| qw: Do second Lair branch before Depths: true
     0 | D:1      | 0 ||| qw: Lair rune preference: random
     0 | D:1      | 0 ||| qw: Plans: Normal
     0 | D:1      | 0 ||| PLANNING D:1-11
    59 | D:1      | Reached skill level 6 in Ranged Weapons
    59 | D:1      | Reached XP level 2. HP: 16/16 MP: 4/4
   567 | D:1      | Reached XP level 3. HP: 20/20 MP: 5/5
   590 | D:1      | 590 ||| UPGRADING to +0 scale mail.
   600 | D:1      | 600 ||| DROPPING +0 leather armour.
   601 | D:1      | 601 ||| UPGRADING to +0 pair of boots.
   606 | D:1      | 606 ||| READING scroll labelled BUETTOUHAI.
   607 | D:1      | 607 ||| DROPPING scroll of butterflies.
   639 | D:2      | Reached skill level 7 in Ranged Weapons
   645 | D:2      | HP: 3/20 [goblin/+0 dagger (3)]
   649 | D:2      | Slain by a goblin

Levels and vault maps discovered:
D:1:      dpeg_arrival_tiny_b, layout_loops_ring, serial_glass, glass_columns_c,
          glass_columns_b, nrook_mini_vaults
D:2:      layout_rooms, st_stairs_11

Skill      XL: |  1  2  3 |
---------------+----------+-----
Ranged Weapons | 6 7 |  7.2
Fighting       | |  1.5
Dodging        | |  2.4
Stealth        | |  1.2

Action                     || total
---------------------------++-------
   Fire: Shortbow          ||    83
    Use: Scroll            ||     1
 Armour: Leather armour    ||     3
         Scale mail        ||    21
  Dodge: Dodged            ||    22

Table legend:
 A = Non-vault XP
 B = Vault XP
 C = Vault XP percentage of total XP
 D = Non-vault monster count
 E = Vault monster count
 F = Vault count percentage of total count
                 A         B        C        D         E       F
            +---------+---------+-------+---------+---------+-------
      Total |      52 |      29 |  35.8 |      28 |       3 |   9.7
            +---------+---------+-------+---------+---------+-------
        D:1 |      46 |       0 |   0.0 |      25 |       0 |   0.0
        D:2 |       6 |      29 |  82.9 |       3 |       3 |  50.0
            +---------+---------+-------+---------+---------+-------
